Map: Pylon LE

Players

TheGlib

  • Race: Zerg Zerg
  • League: Diamond
  • Spawn Location: 11:00

SubN - Winner!

  • Race: Zerg Zerg
  • League: Master
  • Spawn Location: 5:00

VOD

Have the link to the VOD?

Description

Time

  • Played on: July 13, 2025, 5:44 p.m.
  • Length: 3:25
Show
View Real Time Build Order
Export as new Build Order

TheGlib Zerg 

Build Orders: Pool First 

Get SALT Encoding   

  12  0:17  Spawning Pool  
  11  0:22  Drone  
  11  0:26  Drone  
  13  0:31  Drone  
  14  0:39  Overlord  
  14  1:06  Zergling x6  
  19  1:14  Hatchery  
  19  1:18  Zergling x2  
  17  1:29  Zergling x2  
  18  1:34  Queen  
  18  1:39  Drone  
  21  1:49  Overlord  
  21  2:04  Drone  
  22  2:11  Drone  
  22  2:13  Queen  
  25  2:25  Drone  
  25  2:26  Extractor  
  25  2:31  Drone, Queen  
  25  2:36  Overlord  
  28  2:46  Drone x3  
  31  2:52  Drone x2  
  31  3:01  Zergling x4  
Show
View Real Time Build Order
Export as new Build Order

SubN Zerg - Winner!

Build Orders: Pool First 

Get SALT Encoding   

  12  0:00  Drone  
  13  0:09  Drone  
  13  0:13  Extractor  
  13  0:29  Spawning Pool  
  12  0:55  Hatchery  
  11  1:15  Queen  
  13  1:27  Metabolic Boost  
  13  1:36  Overlord  
  13  1:40  Zergling x2  
  14  1:55  Zergling x2  
  14  1:56  Zergling x2  
  16  2:03  Zergling x2  
  18  2:11  Zergling x2  
  18  2:22  Zergling x2  
  19  2:25  Overlord  
  19  2:26  Queen  
  21  2:33  Zergling x2  
  22  2:47  Zergling x2  
  22  2:48  Zergling x4  
  25  2:59  Zergling x6  
Tags
 
Matchup
ZvZ
Race
Zerg
Replay Pack
Multiplayer
Spawn Locations
Cross Positions
Add a new tag
Caveats
  • Supply blocks, unpowered buildings, or Contaminate may cause inaccurate times.
  • Supply counts are checked every 10 seconds.